 Dungeon Crawl Stone Soup version 0.32-a0-38-gb04dd89b9b (webtiles) character file.

Game seed: 12818076241034356087

432 jlumianski the Covered (level 7, -6/43 HPs)
             Began as a Gargoyle Fighter on Jan 24, 2024.
             Blown up by Ijyb (15 damage)
             ... with a mindburst bolt
             ... on level 4 of the Dungeon.
             The game lasted 00:11:11 (3230 turns).

jlumianski the Covered (Gargoyle Fighter)           Turns: 3230, Time: 00:11:12

Health: -6/43      AC: 17    Str: 22    XL:     7   Next: 0%
Magic:  7/7        EV:  6    Int:  8    God:
Gold:   136        SH:  5    Dex: 15    Spells: 6/6 levels left

rFire   . . .        a - +0 war axe
rCold   . . .        c - +0 buckler
rNeg    + . .        x - +0 plate armour
rPois   ∞            (no helmet)
rElec   +            (no cloak)
rCorr   .            (no gloves)
SInv    .            (no boots)
Will    .....        (no amulet) Stlth
                     l - +6 ring of dexterity
HPRegen 0.27/turn    n - ring of wizardry
MPRegen 0.10/turn

%: wizardry (x1)
@: invisible
A: sickness immunity, AC +4, negative energy resistance 1, electricity
resistance, torment resistance 1, petrification resistance
a: no special abilities


You were on level 4 of the Dungeon.
You visited 1 branch of the dungeon, and saw 5 of its levels.

You collected 240 gold pieces.
You spent 104 gold pieces at shops.

Inventory:

Hand Weapons
 a - a +0 war axe (weapon)
Missiles
 e - 10 poisoned darts (quivered)
 s - 7 boomerangs
Armour
 b - a +0 scale mail
 c - a +0 buckler (worn)
 g - a +0 ring mail
 x - a +0 plate armour (worn)
Jewellery
 j - a +6 ring of intelligence
 l - a +6 ring of dexterity (left hand)
 n - a ring of wizardry (right hand)
Talismans
 p - a beast talisman
Wands
 z - a wand of flame (30)
Scrolls
 f - 2 scrolls of immolation
 h - a scroll of torment
 m - a scroll of teleportation
 r - a scroll of silence {unknown}
 t - a scroll of blinking {unknown}
 u - a scroll of enchant weapon {unknown}
 w - a scroll of fog {unknown}
 y - a scroll of enchant armour {unknown}
Potions
 d - a potion of might
 i - a potion of degeneration
 o - a potion of haste
 q - a potion of enlightenment
 v - a potion of ambrosia
 A - a potion of curing {unknown}


   Skills:
 + Level 4.0 Fighting
 + Level 4.8 Axes
 + Level 0.2 Throwing
 + Level 5.0 Armour
 + Level 0.3 Dodging
 + Level 0.2 Stealth
 + Level 4.0 Shields


You had 6 spell levels left.
You didn't know any spells.
Your spell library contained the following spells:

 Spells                   Type           Power      Damage    Failure   Level
 Apportation              Tloc           0%         N/A       98%         1
 Blink                    Tloc           0%         N/A       99%         2
 Jinxbite                 Hex            0%         N/A       99%         2
 Lesser Beckoning         Tloc           0%         N/A       99%         2
 Momentum Strike          Conj/Tloc      0%         3d8       99%         2
 Alistair's Intoxication  Alch           0%         N/A       100%        5


Dungeon Overview and Level Annotations

Branches:
Dungeon (5/15)
 Temple: D:4-7

Altars:
Zin

Shops:
D:4 *

Annotations:
D:4 Ijyb


Innate Abilities, Weirdness & Mutations

You are immune to sickness and miasma.
Your stone body is resilient. (AC +4)
You are immune to poison.
You resist negative energy. (rN+)
You are resistant to electric shocks. (rElec)
You are resistant to unholy torment.
You are immune to petrification.


Message History

The orc priest begins to cast a cantrip, but forgets the words!
The orc moves out of view.
You hit the orc priest.
You kill the orc priest!
You closely miss the orc. You block the orc's attack.
You hit the orc.
The orc is severely wounded.
The orc hits you with a +0 falchion. You block the orc's attack.
You hit the orc.
You kill the orc!
You have reached level 7!
Found a long sword.
Items here: ))) [[ †††.
Okay, then.
Unknown command.
You see here a +0 long sword.
There is a stone staircase leading down here.
You climb downwards.
There is a stone staircase leading up here.
You climb upwards.
There is a stone staircase leading down here.
You open the door.
There is an open door here.
You now have 136 gold pieces (gained 12).
There is a stone staircase leading down here.
Ijyb the Twisted Goblin comes into view.
She is wielding a +0 dagger and carrying a wand of mindburst.
Found a potion of degeneration.
Ijyb shouts!
Ijyb screams, "Me stronger than you!"
Ijyb zaps a wand.
Your mind is blasted!
Ijyb screams, "You nasty!
Big nasty!"
Ijyb zaps a wand.
Your mind is blasted!
Ijyb grins evilly.
Ijyb zaps a wand.
Your mind is blasted!
* * * LOW HITPOINT WARNING * * *
You fade into invisibility!
Okay, then.
Ijyb zaps a wand.
You struggle to resist.
You barely miss Ijyb.
Ijyb zaps a wand.
Your mind is blasted!
You die...

###########################
#............g@...........#
#.#######################.#
#.# #.# #.# #.# #.# #.# #.#
##############.#####
..g........
........).....>.....
!...#######
############......## .####
#...[....


You could see Ijyb (unable to see you).

Vanquished Creatures
  Eustachio (D:4)
  2 orc priests (D:4)
  A bombardier beetle (D:4)
  An iguana (D:4)
  2 orc wizards
  2 gnolls (D:4)
  4 adders
  A dart slug (D:2)
  2 ribbon worms
  6 orcs
  4 bats
  4 endoplasms
  2 giant cockroaches
  3 goblins
  6 hobgoblins
  3 jackals (D:1)
  2 kobolds
  5 quokkas
  3 ball pythons
  6 frilled lizards
  3 rats
63 creatures vanquished.

Notes
Turn   | Place    | Note
-------+----------+-------------------------------------------
     0 | D:1      | jlumianski the Gargoyle Fighter began the quest for the
                  | Orb.
     0 | D:1      | Reached XP level 1. HP: 14/14 MP: 1/1
    97 | D:1      | Reached XP level 2. HP: 19/19 MP: 2/2
   286 | D:1      | Found a faded altar of an unknown god.
   688 | D:2      | Reached XP level 3. HP: 24/24 MP: 3/3
  1629 | D:3      | Reached XP level 4. HP: 29/29 MP: 4/4
  1797 | D:3      | Reached skill level 4 in Armour
  2516 | D:3      | Found a glowing silver altar of Zin.
  2650 | D:5      | Entered Level 5 of the Dungeon
  2670 | D:4      | Reached XP level 5. HP: 15/33 MP: 5/5
  2750 | D:4      | Found Umiotili's Assorted Antiques.
  2768 | D:4      | Bought a copper wand for 104 gold pieces
  2893 | D:4      | Noticed Eustachio
  2907 | D:4      | Reached XP level 6. HP: 30/38 MP: 6/6
  2913 | D:4      | Killed Eustachio
  2914 | D:4      | Reached skill level 5 in Armour
  3026 | D:4      | Reached XP level 7. HP: 42/43 MP: 7/7
  3204 | D:4      | Noticed Ijyb
  3230 | D:4      | Blown up by Ijyb

Illustrated notes

Levels and vault maps discovered:
D:1:      dpeg_arrival_lava_temple_mockup, layout_rooms,
          hellmonk_ecumenical_altar_arch_garden
D:2:      layout_loops_corners
D:3:      layout_loops_corners, lemuel_coloured_pillars_altar, chequers_avenue
D:4:      minmay_chambers_of_twos, layout_basic, serial_shops,
          nicolae_shop_dealshenge, uniq_eustachio, uniq_ijyb
D:5:      layout_loops_corners

Skill      XL: |  1  2  3  4  5  6 |
---------------+-------------------+-----
Axes           | 2 3 4 |  4.8
Armour         | 4 5 |  5.0
Fighting       | 4 |  4.0
Shields        | 4 |  4.0
Throwing       | |  0.2
Dodging        | |  0.3
Stealth        | |  0.2

Action                     |  1- 3 |  4- 6 |  7- 9 || total
---------------------------+-------+-------+-------++-------
  Melee: War axe           |    84 |   110 |     1 ||   195
  Throw: Dart              |     2 |     3 |       ||     5
  Evoke: Wand              |       |     1 |       ||     1
    Use: Scroll            |     4 |     3 |       ||     7
         Potion            |       |     2 |     1 ||     3
 Armour: Scale mail        |    26 |       |       ||    26
         Ring mail         |    26 |    11 |       ||    37
         Plate armour      |       |    91 |       ||    91
  Dodge: Dodged            |    46 |    54 |       ||   100
  Block: Buckler           |    17 |    36 |       ||    53

Table legend: (Time is in decaauts)
 A = Elapsed time spent in this place.
 B = Non-inter-level travel time spent in this place.
 C = Inter-level travel time spent in this place.
 D = Time resting spent in this place.
 E = Time spent auto-exploring this place.
 F = Levels seen in this place.
 G = Mean time per level.
                   A        B        C        D        E       F      G
               +--------+--------+--------+--------+--------+-----+--------+
         Total |   3310 |   3208 |    102 |    153 |   2173 |   5 |  662.0 |
       Dungeon |   3310 |   3208 |    102 |    153 |   2173 |   5 |  662.0 |
               +--------+--------+--------+--------+--------+-----+--------+

Top non-repeatable levels by time:
     D:3: 1068 daAuts
     D:2: 938 daAuts
     D:1: 664 daAuts
     D:4: 635 daAuts
     D:5: 3 daAuts
